 Dungeon Crawl Stone Soup version 0.28.0-45-g0d030f2227 (webtiles) character file.

Game seed: 4859220828736683123

172 powzer the Covered (level 5, 0/69 HPs)
             Began as a Minotaur Fighter on Apr 23, 2022.
             Slain by a gnoll
             ... wielding a +0 spear
              (5 damage)
             ... on level 3 of the Dungeon.
             The game lasted 00:18:44 (2235 turns).

powzer the Covered (Minotaur Fighter)               Turns: 2235, Time: 00:18:45

Health: 0/69       AC: 22    Str: 23    XL:     5   Next: 27%
Magic:  4/4        EV:  2    Int:  5    God:
Gold:   84         SH:  4    Dex:  9    Spells: 4/4 levels left

rFire   . . .      SeeInvis .   a - +0 war axe
rCold   . . .      Faith    .   c - +0 buckler
rNeg    . . .      Spirit   .   (armour currently unavailable)
rPois   +          Reflect  .   (helmet currently unavailable)
rElec   .          Harm     .   (cloak currently unavailable)
rCorr   .          Rampage  .   (gloves currently unavailable)
Will    .....      NoTele   +   (boots currently unavailable)
Stlth   +.........              (no amulet)
HPRegen 0.21/turn               n - +4 ring of evasion
MPRegen 0.09/turn               (no ring)

@: tree-form (expiring)
A: stationary, stasis, torment immunity, boosted hp, (horns 2), (retaliatory
headbutt)
a: no special abilities


You were on level 3 of the Dungeon.
You were a tree.
You visited 1 branch of the dungeon, and saw 3 of its levels.

You collected 84 gold pieces.

Inventory:

Hand Weapons
 a - a +0 war axe (weapon)
Missiles
 f - 2 stones (quivered)
Armour
 c - a +0 buckler (worn)
 k - a +0 chain mail (melded)
Jewellery
 n - a +4 ring of evasion (left branch)
 o - a +6 ring of intelligence
Scrolls
 b - a scroll of identify
 e - a scroll of blinking {unknown}
 g - a scroll of enchant armour
 i - a scroll of noise {unknown}
 m - a scroll of silence {unknown}
Potions
 d - a potion of might
 j - a potion of flight
 l - a potion of lignification


   Skills:
 + Level 4.2 Fighting
 + Level 3.7 Axes
 + Level 0.2 Throwing
 * Level 5.2 Armour
 + Level 0.5 Dodging
 * Level 4.8 Shields


You had 4 spell levels left.
You didn't know any spells.
Your spell library was empty.

Dungeon Overview and Level Annotations

Branches:
Dungeon (3/15)

Altars:


Innate Abilities, Weirdness & Mutations

You are a tree.
Your roots penetrate the ground, keeping you stationary.
You cannot be teleported.
You are immune to unholy pain and torment.
Your maximum health is greatly increased.
Your equipment is partially melded.
((You have a pair of horns on your head.))
((You reflexively headbutt those who attack you in melee.))


Message History

The gnoll is severely wounded.
The gnoll hits you from afar with a +0 spear.
* * * LOW HITPOINT WARNING * * *
Throw: 7 stones
Press: ? - help, Q - select action Shift-Dir - straight line, f/p - gnoll
Aim: a gnoll, wielding a +0 spear (severely wounded, 60% to hit)
You throw a stone. The stone hits the gnoll.
The gnoll is almost dead.
The gnoll hits you but does no damage.
Throw: 6 stones
Press: ? - help, Q - select action Shift-Dir - straight line, f/p - gnoll
Aim: a gnoll, wielding a +0 spear (almost dead, 60% to hit)
You throw a stone.
The stone hits the gnoll but does no damage.
The gnoll is almost dead.
The gnoll hits you but does no damage.
Throw: 5 stones
Press: ? - help, Q - select action Shift-Dir - straight line, f/p - gnoll
Aim: a gnoll, wielding a +0 spear (almost dead, 60% to hit)
You throw a stone.
The stone hits the gnoll but does no damage.
The gnoll is almost dead.
Your transformation is almost over.
You block the gnoll's attack.
Throw: 4 stones
Press: ? - help, Q - select action Shift-Dir - straight line, f/p - gnoll
Aim: a gnoll, wielding a +0 spear (almost dead, 60% to hit)
You throw a stone.
The stone hits the gnoll but does no damage.
The gnoll is almost dead.
The gnoll hits you from afar with a +0 spear.
* * * LOW HITPOINT WARNING * * *
Throw: 3 stones
Press: ? - help, Q - select action Shift-Dir - straight line, f/p - gnoll
Aim: a gnoll, wielding a +0 spear (almost dead, 60% to hit)
You throw a stone.
The stone hits the gnoll but does no damage.
The gnoll is almost dead.
The gnoll hits you from afar with a +0 spear.
You die...

.#####.#.##....
.......#.##.#.## ###.
............... .(..
.#####.#.##.#.# #..# .#
#.#.##.#.###...#
.#####.).##.....#..#####
.....#.....).....g......
####.#..###.#.#)#)......
........# #.....♣).....#
......### ###...........
###...# #..........#
...)### ###........#
#...# ..##.#.### .<.)###
##.. ..... ......#
..##.....# ......# ###
##.#.# #####...#


You could see a gnoll.

Vanquished Creatures
  An orc priest (D:2)
  7 gnolls (D:3)
  An adder (D:2)
  A dart slug (D:1)
  4 orcs (D:2)
  8 endoplasms
  2 giant cockroaches
  5 goblins
  2 hobgoblins (D:1)
  4 jackals
  2 quokkas
  5 ball pythons
  5 bats
  3 frilled lizards
  8 kobolds
  4 rats
62 creatures vanquished.

Notes
Turn   | Place    | Note
-------+----------+-------------------------------------------
     0 | D:1      | powzer the Minotaur Fighter began the quest for the Orb.
     0 | D:1      | Reached XP level 1. HP: 19/19 MP: 0/0
    89 | D:1      | Reached XP level 2. HP: 19/27 MP: 1/1
   110 | D:1      | Reached skill level 4 in Armour
   893 | D:2      | Reached XP level 3. HP: 33/33 MP: 2/2
  1098 | D:2      | Reached XP level 4. HP: 12/40 MP: 3/3
  2175 | D:3      | Reached XP level 5. HP: 36/46 MP: 4/4
  2190 | D:3      | Reached skill level 5 in Armour
  2235 | D:3      | Slain by a gnoll

Illustrated notes

Levels and vault maps discovered:
D:1:      dpeg_arrival_rhombus, layout_basic
D:2:      layout_basic
D:3:      layout_basic, dreamdust_ecumenical_altar_sealed_demon,
          minmay_quantized

Skill      XL: |  1  2  3  4  5 |
---------------+----------------+-----
Shields        | 4 |  4.8
Armour         | 4 5 |  5.2
Fighting       | 4 |  4.2
Axes           | 3 |  3.7
Throwing       | |  0.2
Dodging        | |  0.5

Action                   |  1- 3 |  4- 6 || total
-------------------------+-------+-------++-------
Melee: War axe           |    59 |    61 ||   120
       Headbutt          |     6 |     6 ||    12
Throw: Stone             |     5 |    25 ||    30
       Boomerang         |       |     3 ||     3
  Use: Potion            |       |     2 ||     2
       Scroll            |       |     1 ||     1
Armor: Scale mail        |    33 |     6 ||    39
       Chain mail        |       |    32 ||    32
       Skin              |       |    32 ||    32
Dodge: Dodged            |    30 |    28 ||    58
Block: Buckler           |    13 |    21 ||    34
